 Dungeon Crawl Stone Soup version 0.18-a0-1649-g8d9735b (console) character file.

71 Liam the Conjurer (level 4, -1/24 HPs)
             Began as a Deep Elf Conjurer on Mar 24, 2016.
             Slain by a gnoll
             ... wielding a +0 spear
              (4 damage)
             ... on level 2 of the Dungeon on Mar 29, 2016.
             The game lasted 01:03:54 (1454 turns).

Liam the Conjurer (Deep Elf Conjurer)               Turns: 1454, Time: 01:03:55

Health: -1/24      AC:  2    Str:  5    XL:     4   Next: 5%
Magic:  4/12       EV: 13    Int: 21    God:
Gold:   48         SH:  0    Dex: 15    Spells: 1 memorised, 11 levels left

rFire  . . .     SeeInvis .     j - +1 dagger (venom)
rCold  . . .     Gourm    .     a - +0 robe
rNeg   . . .     Faith    .     (no shield)
rPois  .         Spirit   .     (no helmet)
rElec  .         Dismiss  .     (no cloak)
rCorr  .         Reflect  .     (no gloves)
SustAt .         Harm     .     (no boots)
MR     .....                    (no amulet)
Stlth  ++........               (no ring)
                                (no ring)

@: not resistant to hostile enchantments, unstealthy
A: no striking features
a: no special abilities


You were on level 2 of the Dungeon.
You were not hungry.

You visited 1 branch of the dungeon, and saw 2 of its levels.

You collected 48 gold pieces.

Inventory:

Hand Weapons
 j - a +1 dagger of venom (weapon)
Armour
 a - a +0 robe (worn)
Scrolls
 d - 4 scrolls of identify {unknown}
 e - 2 scrolls of amnesia {unknown}
 h - a scroll of remove curse {unknown}
 i - 3 scrolls of enchant armour {unknown}
Potions
 g - a potion of ambrosia {unknown}
 m - a potion of mutation {unknown}
Books
 b - a book of Conjurations

   Spells                             Type                      Level
   a - Magic Dart                     Conjuration                  1
   b - Searing Ray                    Conjuration                  2
   c - Dazzling Spray                 Conjuration/Hexes            3
   d - Fulminant Prism                Conjuration/Hexes            4
   e - Iskenderun's Mystic Blast      Conjuration                  4
   f - Iskenderun's Battlesphere      Conjuration/Charms           5
Comestibles
 c - 2 bread rations
 f - 2 meat rations
 k - 4 fruits
 l - a beef jerky


   Skills:
 - Level 2.4 Dodging
 - Level 2.4 Stealth
 + Level 4.8 Spellcasting
 + Level 5.2 Conjurations


You had 11 spell levels left.
You knew the following spells:

 Your Spells              Type           Power        Failure   Level  Hunger
a - Magic Dart            Conj           ####         1%          1    None


Dungeon Overview and Level Annotations

Branches:
Dungeon (2/15)

Altars:
Okawaru


Message History

Casting: Magic Dart
Confirm with . or Enter, or press ? or * to list all spells.
Aiming: Magic Dart
Press: ? - help, Shift-Dir - straight line, f/p - gnoll
Aim: a gnoll, wielding a spear The magic dart hits the gnoll.
The gnoll is moderately wounded.
The gnoll hits you from afar with a spear!
* * * LOW HITPOINT WARNING * * *
Casting: Magic Dart
Confirm with . or Enter, or press ? or * to list all spells.
Aiming: Magic Dart
Press: ? - help, Shift-Dir - straight line, f/p - gnoll
Aim: a gnoll, wielding a spear (moderately wounded)
The magic dart hits the gnoll.
The gnoll is severely wounded.
The gnoll zaps a wand.
The gnoll is healed somewhat.
It is a wand of heal wounds.
The gnoll hits you from afar with a spear.
You die...

#.# #.# #.# #.#. #.# #.# #.#.#
######.# #.# #.#.### .....#.##
#.# #.>... ......[..# #.#
#...# ######.#..##..
#.##.#####...####....#.#..)...
#.# ..........#............#..
#.######.....@#..........).# .
#....)........#...............
########......ggr.......?.....
#......###....#####...#
#......# #.)..# #.?# #......#
#...... ..# #......# #.......
.# #......# ....... ###.#.####
....


You could see a gnoll.

Vanquished Creatures
  2 gnolls
  An adder (D:2)
  3 giant geckos
  10 bats (D:1)
  4 giant cockroaches
  5 goblins (D:1)
  4 hobgoblins
  5 kobolds
  2 giant newts (D:1)
  5 rats (D:1)
41 creatures vanquished.

Notes
Turn   | Place    | Note
--------------------------------------------------------------
     0 | D:1      | Liam the Deep Elf Conjurer began the quest for the Orb.
     0 | D:1      | Reached XP level 1. HP: 10/10 MP: 6/6
   242 | D:1      | Reached XP level 2. HP: 15/15 MP: 5/8
   554 | D:1      | Upgraded the game from 0.18-a0-1626-g65af6d3 to 0.18-a0-1649-g8d9735b
   923 | D:1      | Reached XP level 3. HP: 19/19 MP: 6/10
  1181 | D:1      | Reached skill level 5 in Conjurations
  1328 | D:2      | Found an iron altar of Okawaru.
  1438 | D:2      | Reached XP level 4. HP: 22/24 MP: 5/12
  1454 | D:2      | Slain by a gnoll

Vault maps used:
D:1:      lemuel_arrival_river_passageway, kennysheep_another_room
D:2:      okawaru_metal_pillars_1_2

Skill      XL: |  1  2  3 |
---------------+----------+-----
Spellcasting   | 4 |  4.8
Conjurations   | 5 |  5.2
Dodging        | |  2.4
Stealth        | |  2.4

Action                   |  1- 3 |  4- 6 || total
-------------------------+-------+-------++-------
 Cast: Magic Dart        |    65 |     4 ||    69
  Eat: Chunk             |     1 |       ||     1
